 Dungeon Crawl Stone Soup version 0.29-a0-330-g52719c12eb (webtiles) character file.

Game seed: 2988810705478669276

198 kae the Firebug (level 5, -9/40 HPs)
             Began as a Demigod Fire Elementalist on Apr 22, 2022.
             Killed by nerve-wracking pain
             ... invoked by an orc priest
              (10 damage)
             ... on level 4 of the Dungeon.
             The game lasted 00:03:23 (4221 turns).

kae the Firebug (Demigod Fire Elementalist)         Turns: 4221, Time: 00:03:24

Health: -9/40      AC: 10    Str:  9    XL:     5   Next: 22%
Magic:  1/11       EV:  8    Int: 21    God:
Gold:   110        SH:  0    Dex: 14    Spells: 3/9 levels left

rFire   + . .      SeeInvis .   j - staff of conjuration
rCold   + . .      Faith    .   (no shield)
rNeg    . . .      Spirit   .   h - +1 scale mail of Broken Taboos {rF+ rC+}
rPois   .          Reflect  .   (no helmet)
rElec   .          Harm     .   (no cloak)
rCorr   .          Rampage  .   m - +2 pair of gloves
Will    .....                   (no boots)
Stlth   +.........              (no amulet)
HPRegen 0.13/turn               k - ring of wizardry
MPRegen 0.12/turn               o - ring of wizardry

@: attractive, hasted, very quick
A: high MP 1, forlorn, divine attributes
a: no special abilities


You were on level 4 of the Dungeon.
You visited 1 branch of the dungeon, and saw 4 of its levels.

You collected 148 gold pieces.
You spent 38 gold pieces at shops.

Inventory:

Hand Weapons
 i - a +0 dagger
Armour
 a - a +0 robe
 h - the +1 scale mail of Broken Taboos (worn) {rF+ rC+}
   (You found it on level 2 of the Dungeon)

   rF:        It protects you from fire.
   rC:        It protects you from cold.
 m - a +2 pair of gloves (worn)
Magical Staves
 j - a staff of conjuration (weapon)
Jewellery
 k - a ring of wizardry (left hand)
 o - a ring of wizardry (right hand)
Scrolls
 d - a scroll of fog
 q - 2 scrolls of immolation
Potions
 b - a potion of magic
 e - a potion of might
 l - a potion of attraction
 p - a potion of haste


   Skills:
 + Level 1.4 Fighting
 + Level 1.0 Armour
 + Level 2.6 Dodging
 - Level 1.7 Stealth
 + Level 2.5 Spellcasting
 + Level 1.9 Conjurations
 * Level 3.8 Fire Magic


You had 3 spell levels left.
You knew the following spells:

 Your Spells              Type           Power      Damage    Failure   Level
a - Foxfire               Conj/Fire      88%        2x1d8     10%         1
b - Scorch                Fire           36%        2d7       10%         2
c - Conjure Flame         Conj/Fire      22%        6-21      26%         3

Your spell library contained the following spells:

 Spells                   Type           Power      Damage    Failure   Level
 Magic Dart               Conj           64%        1d6       13%         1
 Inner Flame              Hex/Fire       10%        N/A       36%         3
 Call Imp                 Summ           2%         N/A       38%         2
 Mephitic Cloud           Conj/Pois/Air  8%         N/A       52%         3
 Flame Wave               Conj/Fire      22%        2d7       61%         4


Dungeon Overview and Level Annotations

Branches:
Dungeon (4/15)
 Temple: D:4-7

Shops:
D:1 (*


Innate Abilities, Weirdness & Mutations

You have an increased reservoir of magic. (+10% MP)
You shall have no god before yourself.
Your divine heritage dramatically boosts your attributes as you level up.


Message History

Pain shoots through your body!
The orc priest calls down the wrath of Beogh upon you.
Pain shoots through your body!
* * * LOW HITPOINT WARNING * * *
The orc priest is attracted toward you. The orc priest hits you with a +0 whip.
* * * LOW HITPOINT WARNING * * *
The orc priest hits you with a +0 hand axe.
* * * LOW HITPOINT WARNING * * *
Okay, then.
Casting: Scorch (safe; 10% risk of failure)
Confirm with . or Enter, or press ? or * to list all spells.
Flames lash the orc priest but do no damage.
The orc priest hits you but does no damage.
The orc priest calls upon Beogh to heal the orc priest.
The orc priest is healed somewhat.
Casting: Scorch (safe; 10% risk of failure)
Confirm with . or Enter, or press ? or * to list all spells.
Flames lash the orc priest but do no damage.
The orc priest hits you with a +0 whip.
* * * LOW HITPOINT WARNING * * *
The orc priest barely misses you.
Casting: Scorch (safe; 10% risk of failure)
Confirm with . or Enter, or press ? or * to list all spells.
You don't have enough magic to cast this spell.
Casting: Scorch (safe; 10% risk of failure)
Confirm with . or Enter, or press ? or * to list all spells.
You feel a surge of power!
There is not enough space to conjure foxfire!
Unknown command.
Okay, then.
You aren't carrying any items that you can evoke.
Unknown command.
This is a scroll of acquirement!
You see here a book of Touch.
Something appears at your feet!
The orc priest hits you with a +0 hand axe.
* * * LOW HITPOINT WARNING * * *
The orc priest calls down the wrath of Beogh upon you.
Pain shoots through your body!
You die...

# .# ####.###.#
.o.......# #).#
#..###### #........
#.####### #o###
#@o.#
#.##########.####
..#............#
#.#.#######.##.#
##.#.##...##.##.#
##....#.###.#.##.#
###......#####..##.#
......>.....##..##.#
#......##.#...##.#


You could see 2 orc priests.

Vanquished Creatures
  2 orc priests (D:3)
  Robin (D:2)
  2 adders
  A worm (D:2)
  2 dart slugs
  9 orcs
  5 endoplasms
  3 giant cockroaches (D:1)
  14 goblins
  8 hobgoblins
  4 jackals (D:1)
  7 kobolds
  2 quokkas
  11 ball pythons
  7 bats
  3 frilled lizards
  7 rats
88 creatures vanquished.

Vanquished Creatures (others)
  250 foxfires
250 creatures vanquished.

Grand Total: 338 creatures vanquished

Notes
Turn   | Place    | Note
-------+----------+-------------------------------------------
     0 | D:1      | kae the Demigod Fire Elementalist began the quest for the
                  | Orb.
     0 | D:1      | Reached XP level 1. HP: 14/14 MP: 5/5
    95 | D:1      | Reached skill level 1 in Conjurations
   249 | D:1      | Found Ajemerupt's Assorted Antiques.
   405 | D:1      | Reached XP level 2. HP: 22/22 MP: 4/7
   503 | D:1      | Learned a level 2 spell: Scorch
   614 | D:1      | Reached skill level 3 in Fire Magic
  1022 | D:1      | Found Guydagiss's Weapon Shoppe.
  1319 | D:1      | Bought a silvery potion for 19 gold pieces
  1319 | D:1      | Bought a smoky inky potion for 19 gold pieces
  1397 | D:2      | Reached XP level 3. HP: 27/27 MP: 5/8
  1509 | D:2      | Identified the +1 scale mail of Broken Taboos {rF+ rC+}
  1680 | D:2      | Reached skill level 1 in Fighting
  1853 | D:2      | Noticed Robin
  1880 | D:2      | Killed Robin
  2178 | D:2      | Identified the +1 leather armour of the Catamount {Harm
                  | +Blink rF- Str+3}
  2903 | D:3      | Reached XP level 4. HP: 35/35 MP: 5/10
  3316 | D:2      | Reached XP level 5. HP: 40/40 MP: 9/11
  3912 | D:3      | Reached skill level 1 in Armour
  4079 | D:3      | Learned a level 3 spell: Conjure Flame
  4221 | D:4      | Identified a scroll of acquirement
  4221 | D:4      | Acquired a book of Touch
  4221 | D:4      | HP: 1/40 [orc priest/+0 hand axe (4)]
  4221 | D:4      | Killed from afar by an orc priest

Illustrated notes

Levels and vault maps discovered:
D:1:      saegor_arrival_simple_b, layout_loops_cross, serial_shops, shop,
          nicolae_lakefront_shop
D:2:      minmay_chambers_of_twos, layout_basic, chequers_serial_rivers_marsh,
          uniq_robin
D:3:      layout_basic, grunt_temple_overflow_open
D:4:      layout_loops_ring, minmay_temple_entry_purple_smoke, serial_shops,
          shop

Skill      XL: |  1  2  3  4  5 |
---------------+----------------+-----
Conjurations   | 1 |  1.9
Dodging        | 2 |  2.6
Fire Magic     | 3 |  3.8
Spellcasting   | 2 |  2.5
Fighting       | 1 |  1.4
Armour         | 1 |  1.0
Stealth        | |  1.7

Action                   |  1- 3 |  4- 6 || total
-------------------------+-------+-------++-------
Melee: Unarmed           |    27 |       ||    27
       Dagger            |    30 |       ||    30
       Staff             |    13 |     6 ||    19
 Cast: Foxfire           |    81 |    64 ||   145
       Scorch            |       |     3 ||     3
  Use: Scroll            |     4 |     5 ||     9
       Potion            |     1 |     7 ||     8
Armor: Robe              |     4 |       ||     4
       Scale mail        |    54 |    11 ||    65
Dodge: Dodged            |    60 |     9 ||    69

Table legend: (Time is in decaauts)
 A = Elapsed time spent in this place.
 B = Non-inter-level travel time spent in this place.
 C = Inter-level travel time spent in this place.
 D = Time resting spent in this place.
 E = Time spent auto-exploring this place.
 F = Levels seen in this place.
 G = Mean time per level.
                   A        B        C        D        E       F      G
               +--------+--------+--------+--------+--------+-----+--------+
         Total |   4226 |   4071 |    155 |    143 |   3239 |   4 | 1056.5 |
       Dungeon |   4226 |   4071 |    155 |    143 |   3239 |   4 | 1056.5 |
               +--------+--------+--------+--------+--------+-----+--------+

Top non-repeatable levels by time:
     D:2: 1800 daAuts
     D:1: 1351 daAuts
     D:3: 942 daAuts
     D:4: 132 daAuts
